 Dungeon Sprint DCSS version 0.31-a0-920-g28cbb04a8c (webtiles) character file.

Game seed: 16434598634408980469

19754 sircluck the Brawler (level 12, -9/144 HPs)
             Began as a Troll Berserker on Oct 17, 2023.
             Was the Champion of Trog.
             Killed from afar by a hell hog (46 damage)
             ... with a fireball
             ... in the Dungeon (Sprint VII: "The Pits").
             The game lasted 00:08:31 (2133 turns).

sircluck the Brawler (Troll Berserker)              Turns: 2133, Time: 00:08:32

Health: -9/144     AC:  4    Str: 32    XL:     12   Next: 39%
Magic:  10/11      EV: 14    Int:  3    God:    Trog [******]
Gold:   45         SH:  0    Dex:  9    Spells: 11/11 levels left

rFire   . .          .
                       - Unarmed
rCold   . . .        (no shield)
rNeg    . . .        a - +0 animal skin
rPois   .            (helmet restricted)
rElec   .            (no cloak)
rCorr   .            (gloves unavailable)
SInv    .            (boots unavailable)
Will    .....        (no amulet)
Stlth   +            (no ring)
HPRegen 1.24/turn    (no ring)
MPRegen 0.12/turn

%: no teleportation
@: on berserk cooldown, slowed, very slow
A: large, unfitting armour, claws 3, regeneration 1, shaggy fur 1, tough skin 1
a: Renounce Religion, Berserk, Trog's Hand, Brothers in Arms


You were in the Dungeon.
You worshipped Trog.
Trog was exalted by your worship.
You visited 1 branch You collected 45 gold pieces.

Inventory:

Armour
 a - a +0 animal skin (worn)
Jewellery
 l - a +3 ring of dexterity
 m - a +3 ring of intelligence
 u - a ring of fire
 v - a ring of poison resistance
Wands
 g - a wand of roots (8)
 t - a wand of polymorph (8)
Scrolls
 i - 2 scrolls of vulnerability
 j - a scroll of butterflies
 n - a scroll of identify
 o - 8 scrolls of enchant weapon
 q - 2 scrolls of fear
 r - 2 scrolls of enchant armour
Potions
 b - 10 potions of curing
 c - 7 potions of heal wounds
 d - 5 potions of haste
 e - 4 potions of magic
 f - 4 potions of berserk rage
 h - 2 potions of invisibility
 k - 2 potions of mutation
 p - 2 potions of resistance
 s - a potion of might


   Skills:
 + Level 16.2 Fighting
 + Level 16.0 Dodging
 + Level 18.8 Unarmed Combat


You had 11 spell levels left.
You didn't know any spells.
Your spell library was empty.

Dungeon Overview and Level Annotations

Branches:
Dungeon (1/1)

Altars:
Ashenzari
Cheibriados
Dithmenos
Elyvilon
Fedhas
Gozag
Hepliaklqana
Kikubaaqudgha
Makhleb
Nemelex Xobeh
Okawaru
Qazlal
Ru
Sif Muna
Trog
Uskayaw
Vehumet
Wu Jian
Xom
Yredelemnul
Zin
The Shining One
Jiyva
Lugonu

Annotations:
D Joseph


Innate Abilities, Weirdness & Mutations

You are too large for most types of armour.
You have claws for hands.
Your natural rate of healing is unusually fast.
You are covered in fur. (AC +1)
You have tough skin. (AC +1)


Message History

No reachable target in view!
Unknown command.
You are engulfed in blazing flames.
You see here a +4 short sword of flaming.
You feel a strong urge to attack something.
Unknown command.
You are no longer berserk.
You are exhausted.
You feel yourself slow down.
You see here a +4 short sword of flaming.
You scratch the hell hog but do no damage.
The hell hog breathes fire at you.
The fireball explodes!
The fireball engulfs you!!
The fireball engulfs the hell hog.
The hell hog completely resists.
You completely miss the hell hog. The hell hog closely misses you.
You claw the hell hog!
The hell hog is lightly wounded.
The hell hog barely misses you. The hell hog breathes fire at you.
The fireball explodes!
The fireball engulfs you!!
The fireball engulfs the hell hog.
The hell hog completely resists.
Unknown command.
You feel much better. The hell hog barely misses you. The hell hog bites you.
Unknown command.
Unknown command.
Your iron troll goes berserk!
The hell hog breathes fire at you.
The fireball explodes!
The fireball engulfs you!!
* * * LOW HITPOINT WARNING * * *
The fireball engulfs the hell hog.
The hell hog completely resists.
The hell hog breathes fire at you.
The fireball explodes!
The fireball engulfs you!!
* * * LOW HITPOINT WARNING * * *
The fireball engulfs the hell hog.
The hell hog completely resists.
You hear a skittering sound.
You feel much better. The hell hog bites you.
* * * LOW HITPOINT WARNING * * *
The hell hog breathes fire at you.
The fireball explodes!
The fireball engulfs you!!!
You die...

## #:# #E# #h# #@# ## # #+ #@#.#
.# #. ############h##..# #. #
...........@T....# #. #
.................# #. #
######''########## #.
###########''########## #.
##................##..# #.
##......#..#......##..# #.
##................''..# #.
.'................''..##########.
##......#..#......##.รท...........


You could see a hell hog (catching breath, ally target) and a friendly iron
troll (summoned, berserk).

Vanquished Creatures
  A spriggan defender (D)
  An ophan (D)
  An eidolon (D)
  A merfolk javelineer (D)
  A great orb of eyes (D)
  2 two-headed ogres (D)
  A sixfirhy (D)
  A fire crab (D)
  A sea snake (D)
  An occultist (D)
  An orc knight (D)
  Maurice (D)
  A merfolk siren (D)
  A black mamba (D)
  5 elephants (D)
  An orange demon (D)
  A cane toad (D)
  A yaktaur (D)
  A guardian mummy (D)
  A troll (D)
  3 blink frogs (D)
  A culicivora (D)
  A shadow (D)
  A spriggan (D)
  2 fire bats (D)
  2 yaks (D)
  A wraith (D)
  Grum (D)
  3 redbacks (D)
  A warg (D)
  A water moccasin (D)
  Duvessa (D)
  3 orc warriors (D)
  A floating eye (D)
  An ice beast (D)
  3 small abominations (D)
  2 ogres (D)
  2 wolves (D)
  A centaur (D)
  A bullfrog (D)
  2 scorpions (D)
  Dowan (D)
  2 killer bees (D)
  4 orc priests (D)
  A quasit (D)
  An iguana (D)
  3 orc wizards (D)
  A hell rat (D)
  2 gnolls (D)
  A white imp (D)
  An ufetubus (D)
  9 orcs (D)
  2 ball pythons (D)
  2 bats (D)
  A bat skeleton (D)
  A hobgoblin (D)
  4 jackals (D)
  A rat (D)
96 creatures vanquished.

Vanquished Creatures (collateral kills)
  An orc sorcerer (D)
  2 elephants (D)
  A smoke demon (D)
  A rime drake (D)
  2 merfolk (D)
  A hornet (D)
  7 dream sheep (D)
  A water elemental (D)
  A yak (D)
  A steam dragon (D)
  An ice beast (D)
  An orc warrior (D)
  A wolf (D)
  3 killer bees (D)
  An orc priest (D)
  A gnoll (D)
  An orc (D)
  A hobgoblin (D)
  A bat (D)
29 creatures vanquished.

Vanquished Creatures (others)
  A killer bee (D)
1 creature vanquished.

Grand Total: 126 creatures vanquished

Notes
Turn   | Place    | Note
-------+----------+-------------------------------------------
     0 | D        | sircluck the Troll Berserker began the quest for the Orb.
     0 | D        | Reached XP level 1. HP: 22/22 MP: 0/0
    51 | D        | Found a bloodstained altar of Trog.
    51 | D        | Found a shimmering blue altar of Sif Muna.
    51 | D        | Found a viscous altar of Jiyva.
    51 | D        | Found a hazy altar of Hepliaklqana.
    51 | D        | Found an opulent altar of Gozag.
    52 | D        | Found a glowing golden altar of the Shining One.
    52 | D        | Found a glowing silver altar of Zin.
    52 | D        | Found a basalt altar of Yredelemnul.
    52 | D        | Found a shimmering altar of Xom.
    52 | D        | Found an ornate altar of the Wu Jian Council.
    52 | D        | Found a sacrificial altar of Ru.
    52 | D        | Found a stormy altar of Qazlal.
    52 | D        | Found an iron altar of Okawaru.
    52 | D        | Found a sparkling altar of Nemelex Xobeh.
    52 | D        | Found a burning altar of Makhleb.
    52 | D        | Found a blossoming altar of Fedhas.
    52 | D        | Found a white marble altar of Elyvilon.
    52 | D        | Found a shadowy altar of Dithmenos.
    52 | D        | Found a snail-covered altar of Cheibriados.
    56 | D        | Found a corrupted altar of Lugonu.
    56 | D        | Found a radiant altar of Vehumet.
    57 | D        | Found a broken altar of Ashenzari.
    57 | D        | Found an ancient bone altar of Kikubaaqudgha.
    57 | D        | Found a hide-covered altar of Uskayaw.
    94 | D        | Noticed a floating eye
    96 | D        | Paralysed by a floating eye for 4 turns
   103 | D        | Killed a floating eye
   104 | D        | Reached skill level 5 in Unarmed Combat
   104 | D        | Reached XP level 2. HP: 33/33 MP: 1/1
   104 | D        | Reached XP level 3. HP: 41/41 MP: 2/2
   104 | D        | Reached XP level 4. HP: 49/49 MP: 3/3
   107 | D        | Reached ** piety under Trog
   120 | D        | Reached skill level 5 in Fighting
   120 | D        | Reached skill level 5 in Dodging
   120 | D        | Reached skill level 6 in Unarmed Combat
   136 | D        | Noticed an orc warrior
   136 | D        | Noticed a scorpion
   137 | D        | Reached *** piety under Trog
   144 | D        | Killed an orc warrior
   145 | D        | Reached skill level 7 in Unarmed Combat
   145 | D        | Reached XP level 5. HP: 59/59 MP: 4/4
   147 | D        | Reached **** piety under Trog
   148 | D        | Reached XP level 6. HP: 68/68 MP: 5/5
   150 | D        | Reached skill level 8 in Unarmed Combat
   227 | D        | Noticed Dowan
   240 | D        | Reached ***** piety under Trog
   260 | D        | Killed Dowan
   262 | D        | Reached skill level 9 in Unarmed Combat
   281 | D        | Reached XP level 7. HP: 56/79 MP: 6/6
   319 | D        | Noticed Duvessa
   336 | D        | Killed Duvessa
   336 | D        | Received a gift from Trog
   403 | D        | Noticed a fire bat
   411 | D        | Killed a fire bat
   412 | D        | Reached skill level 10 in Unarmed Combat
   436 | D        | Noticed a two-headed ogre
   440 | D        | Killed a two-headed ogre
   441 | D        | Reached skill level 11 in Unarmed Combat
   441 | D        | Reached XP level 8. HP: 42/93 MP: 7/7
   501 | D        | Reached ****** piety under Trog
   577 | D        | Noticed a dream sheep
   577 | D        | Noticed a dream sheep
   577 | D        | Noticed a dream sheep
   577 | D        | Noticed a dream sheep
   577 | D        | Noticed a dream sheep
   582 | D        | Killed a dream sheep
   583 | D        | Reached skill level 10 in Fighting
   584 | D        | Killed a dream sheep
   585 | D        | Reached skill level 10 in Dodging
   585 | D        | Reached skill level 12 in Unarmed Combat
   585 | D        | Killed a dream sheep
   585 | D        | Noticed a dream sheep
   586 | D        | Reached XP level 9. HP: 102/102 MP: 8/8
   588 | D        | Received a gift from Trog
   591 | D        | Reached skill level 13 in Unarmed Combat
   682 | D        | Noticed a troll
   716 | D        | Killed a troll
   719 | D        | Identified the +11 glaive of Gallantry {heavy, rPois Str+4
                  | Dex+4} (Trog gifted it to you in the Dungeon)
   719 | D        | Received a gift from Trog
   846 | D        | Noticed an orange demon
   855 | D        | Killed an orange demon
   961 | D        | Reached XP level 10. HP: 111/115 MP: 9/9
  1034 | D        | Noticed a spriggan defender
  1035 | D        | Identified the +8 halberd of Mutilation {antimagic, rF+
                  | Will+} (Trog gifted it to you in the Dungeon)
  1035 | D        | Received a gift from Trog
  1036 | D        | Reached skill level 14 in Unarmed Combat
  1044 | D        | Killed a spriggan defender
  1045 | D        | Noticed an occultist
  1060 | D        | Killed an occultist
  1095 | D        | Noticed a merfolk javelineer
  1109 | D        | HP: 4/118 [merfolk javelineer/silver javelin (4)]
  1120 | D        | Reached skill level 15 in Unarmed Combat
  1129 | D        | Killed a merfolk javelineer
  1232 | D        | Received a gift from Trog
  1363 | D        | Noticed a cane toad
  1388 | D        | Noticed a black mamba
  1393 | D        | Noticed a smoke demon
  1399 | D        | Killed a black mamba
  1400 | D        | Reached XP level 11. HP: 59/127 MP: 10/10
  1405 | D        | Received a gift from Trog
  1406 | D        | Reached skill level 16 in Unarmed Combat
  1473 | D        | Noticed Maurice
  1478 | D        | Something stole a +3 ring of intelligence
  1480 | D        | Killed Maurice
  1487 | D        | Noticed Grum
  1501 | D        | Received a gift from Trog
  1501 | D        | Noticed a sea snake
  1507 | D        | Killed Grum
  1511 | D        | Killed a sea snake
  1661 | D        | Received a gift from Trog
  1709 | D        | Noticed an eidolon
  1724 | D        | Killed an eidolon
  1724 | D        | Received a gift from Trog
  1725 | D        | Reached skill level 17 in Unarmed Combat
  1797 | D        | Noticed a sixfirhy
  1798 | D        | Noticed an orc knight
  1798 | D        | Noticed an orc sorcerer
  1798 | D        | Noticed a two-headed ogre
  1807 | D        | Killed a sixfirhy
  1814 | D        | Killed an orc knight
  1815 | D        | Reached skill level 15 in Fighting
  1819 | D        | Reached skill level 15 in Dodging
  1821 | D        | Killed an orc sorcerer
  1829 | D        | Received a gift from Trog
  1830 | D        | Reached XP level 12. HP: 58/143 MP: 11/11
  1832 | D        | Reached skill level 18 in Unarmed Combat
  1950 | D        | Killed a two-headed ogre
  2092 | D        | Noticed an ophan
  2093 | D        | Noticed a great orb of eyes
  2104 | D        | Killed a great orb of eyes
  2104 | D        | Received a gift from Trog
  2116 | D        | Killed an ophan
  2117 | D        | Noticed a hell hog
  2120 | D        | Noticed Joseph
  2133 | D        | Killed from afar by a hell hog

Illustrated notes

Levels and vault maps discovered:
D:        pitsprint [storerooms_1, entrance_room_1, metal_vault_4, armoury_2,
          mini_pit_1, grid_room_1, main_hall_1, silver_pit, the_coven_1,
          the_vestibule_1, steel_vault_5, golden_pit, hallway_of_sentries,
          crystal_vault_2, iron_vault_1, final_vault]

Skill      XL: |  1  2  3  4  5  6  7  8  9 10 11 12 |
---------------+-------------------------------------+-----
Fighting       | 4 6 7 9 10 11 13 15 16 | 16.2
Dodging        | 4 6 7 9 10 11 13 15 16 | 16.0
Unarmed Combat | 5 7 9 11 12 13 15 17 18 | 18.8

Action                     |  1- 3 |  4- 6 |  7- 9 | 10-12 || total
---------------------------+-------+-------+-------+-------++-------
  Melee: Unarmed           |    10 |    34 |    71 |   172 ||   287
         Punch             |       |     2 |     5 |    16 ||    23
 Invoke: Berserk           |       |     1 |     2 |     3 ||     6
         Brothers in Arms  |       |       |     1 |    10 ||    11
         Trog's Hand       |       |       |       |     1 ||     1
    Use: Scroll            |       |       |     1 |       ||     1
         Potion            |       |       |       |     7 ||     7
 Armour: Animal skin       |     7 |    24 |    43 |   106 ||   180
  Dodge: Dodged            |    11 |    18 |    42 |   101 ||   172

Table legend: (Time is in decaauts)
 A = Elapsed time spent in this place.
 B = Non-inter-level travel time spent in this place.
 C = Inter-level travel time spent in this place.
 D = Time resting spent in this place.
 E = Time spent auto-exploring this place.
 F = Levels seen in this place.
 G = Mean time per level.
                   A        B        C        D        E       F      G
               +--------+--------+--------+--------+--------+-----+--------+
         Total |   2102 |   2102 |      0 |    778 |    459 |   1 | 2102.0 |
       Dungeon |   2102 |   2102 |      0 |    778 |    459 |   1 | 2102.0 |
               +--------+--------+--------+--------+--------+-----+--------+

Top non-repeatable levels by time:
       D: 2102 daAuts
